 Seeded DCSS version 0.29.1-12-g30fa7ad0bf (webtiles) character file.

Game seed: 3990839637946721268 (custom seed)

59 lotusamurai3 the Covered (level 4, -1/28 HPs)
             Began as a Tengu Fighter on Dec 24, 2022.
             Succumbed to a gnoll sergeant's poison
             ... on level 3 of the Dungeon.
             The game lasted 00:02:10 (2022 turns).

lotusamurai3 the Covered (Tengu Fighter)            Turns: 2022, Time: 00:02:10

Health: -1/28      AC:  8    Str: 17    XL:     4   Next: 3%
Magic:  5/5        EV: 13    Int:  8    God:
Gold:   127        SH:  5    Dex: 15    Spells: 3/3 levels left

rFire   . . .      SeeInvis .   a - +0 long sword
rCold   . . .      Faith    .   c - +0 buckler
rNeg    . . .      Spirit   .   b - +1 scale mail
rPois   .          Reflect  .   (helmet restricted)
rElec   .          Harm     .   (no cloak)
rCorr   +          Rampage  .   (no gloves)
Will    .....                   (boots unavailable)
Stlth   ..........              (no amulet)
HPRegen 0.09/turn               f - +4 ring of evasion
MPRegen 0.09/turn               i - ring of resist corrosion

@: mighty, lethally poisoned (-1 -> -7)
A: beak, talons 3
a: no special abilities


You were on level 3 of the Dungeon.
You visited 1 branch of the dungeon, and saw 3 of its levels.

You collected 127 gold pieces.

Inventory:

Hand Weapons
 a - a +0 long sword (weapon)
Armour
 b - a +1 scale mail (worn)
 c - a +0 buckler (worn)
Jewellery
 f - a +4 ring of evasion (left hand)
 i - a ring of resist corrosion (right hand)
 l - a ring of poison resistance
 m - a +6 ring of dexterity
Wands
 o - a wand of roots (10)
Scrolls
 k - a scroll of blinking
 n - a scroll of teleportation
 q - a scroll of immolation {unknown}
 r - a scroll of vulnerability {unknown}
Potions
 h - a potion of heal wounds
 j - a potion of flight


   Skills:
 + Level 3.5 Fighting
 + Level 3.0 Long Blades
 + Level 3.8 Armour
 + Level 1.6 Dodging
 - Level 3.0 Shields


You had 3 spell levels left.
You didn't know any spells.
Your spell library contained the following spells:

 Spells                   Type           Power      Damage    Failure   Level
 Hailstorm                Conj/Ice       0%         3d3       100%        4
 Ice Form                 Ice/Tmut       0%         N/A       100%        4
 Simulacrum               Ice/Necr       0%         N/A       100%        6


Dungeon Overview and Level Annotations

Branches:
Dungeon (3/15)

Altars:

Shops:
D:2 :


Innate Abilities, Weirdness & Mutations

You have a beak for a mouth.
You have claws for feet.


Message History

A gnoll comes into view. It is wielding a +0 spear.
The gnoll shouts!
You hear a shout! x2
The gnoll moves out of view.
A gnoll sergeant comes into view. It is wielding a +4 spear of venom.
A gnoll sergeant is nearby!
A gnoll sergeant is nearby!
A gnoll sergeant is nearby!
The gnoll sergeant moves out of view.
There is a stone staircase leading up here.
You see here a potion of degeneration.
A gnoll sergeant is nearby!
A gnoll sergeant is nearby!
A gnoll sergeant is nearby!
A gnoll sergeant is nearby!
Sorry, you're not good enough to have a special ability.
Unknown command.
You feel very mighty all of a sudden.
A gnoll comes into view. It is wielding a +0 whip of holy wrath.
The gnoll sergeant hits you from afar with a +4 spear of venom!
You are poisoned.
You feel very sick. You block the gnoll sergeant's attack.
The gnoll hits you from afar with a +0 spear.
* * * LOW HITPOINT WARNING * * *
You slash the gnoll sergeant!
The gnoll sergeant is moderately wounded.
* * * LOW HITPOINT WARNING * * *
You feel very sick. You block the gnoll's attack.
The gnoll sergeant closely misses you.
Unknown command.
You hit the gnoll sergeant. You claw the gnoll sergeant!
The gnoll sergeant is severely wounded.
* * * LOW HITPOINT WARNING * * *
You feel sick. The gnoll sergeant closely misses you.
The gnoll hits you from afar with a +0 spear.
* * * LOW HITPOINT WARNING * * *
Unknown command.
The gnoll sergeant blocks your attack.
The gnoll sergeant is severely wounded.
You die...

#.# #.# #.# #.#
#.#
#.################
#........g.......#
#.....##########.#
#............gg@.#
#####<#####.####.#
### ### ###


You could see a gnoll sergeant and a gnoll.

Vanquished Creatures
  An adder (D:2)
  2 worms (D:2)
  A dart slug (D:2)
  A ball python (D:2)
  A bat (D:1)
  2 endoplasms (D:2)
  2 giant cockroaches
  3 goblins
  6 hobgoblins
  3 jackals (D:2)
  5 quokkas
  A frilled lizard (D:1)
  3 kobolds
  5 rats
36 creatures vanquished.

Notes
Turn   | Place    | Note
-------+----------+-------------------------------------------
     0 | D:1      | lotusamurai3 the Tengu Fighter began the quest for the Orb.
     0 | D:1      | Reached XP level 1. HP: 14/14 MP: 2/2
   240 | D:1      | Reached XP level 2. HP: 19/19 MP: 3/3
   766 | D:1      | Reached skill level 1 in Dodging
  1091 | D:2      | Found a faded altar of an unknown god.
  1118 | D:2      | Reached XP level 3. HP: 23/23 MP: 4/4
  1766 | D:2      | Reached XP level 4. HP: 28/28 MP: 5/5
  1794 | D:2      | Found Huelis's Book Shop.
  1995 | D:3      | Noticed a gnoll sergeant
  2021 | D:3      | HP: 1/28 [gnoll/+0 spear[a gnoll sergeant] (2)]
  2022 | D:3      | Succumbed to a gnoll sergeant's poison

Illustrated notes

Levels and vault maps discovered:
D:1:      amcnicky_arrival_flooded_fountain, layout_loops_corners
D:2:      layout_loops_ring, serial_shops, nicolae_shop_waterfront,
          hellmonk_ecumenical_altar_zigzags
D:3:      layout_basic, serial_shops, nicolae_shop_hallway_plus, moated_statue,
          chequers_mini_garden

Skill      XL: |  1  2  3 |
---------------+----------+-----
Dodging        | 1 |  1.6
Long Blades    | 3 |  3.0
Fighting       | |  3.5
Armour         | |  3.8
Shields        | |  3.0

Action                   |  1- 3 |  4- 6 || total
-------------------------+-------+-------++-------
Melee: Long sword        |    81 |     5 ||    86
       Kick              |    14 |     2 ||    16
       Peck              |    10 |       ||    10
  Use: Scroll            |       |     6 ||     6
       Potion            |       |     1 ||     1
Armor: Scale mail        |    24 |       ||    24
Dodge: Dodged            |    40 |     3 ||    43
Block: Buckler           |    19 |     3 ||    22
